 Dungeon Crawl Stone Soup version 0.17-a0-854-g4a4ba72 (webtiles) character file.

5922 FedoraBrony69 the Thaumaturge (level 10, -3/53 HPs)
             Began as a Deep Elf Conjurer on Apr 28, 2015.
             Was an Elder of Jiyva.
             Slain by a warg (13 damage)
             ... on level 10 of the Dungeon.
             The game lasted 00:40:35 (10912 turns).

FedoraBrony69 the Thaumaturge (Deep Elf Conjurer)  Turns: 10912, Time: 00:40:36

Health: -3/53      AC:  6    Str:  7    XL:     10   Next: 53%
Magic:  9/28       EV:  8    Int: 31    God:    Jiyva [****..]
Gold:   479        SH:  0    Dex: 11    Spells: 5 memorised, 16 levels left

rFire  . . .     SeeInvis .     l - +6 falchion of Feidiuss {freeze, +Blink rC+ Int+3}
rCold  + + .     Clarity  .     a - +0 robe
rNeg   . . .     SustAb   .     (no shield)
rPois  +         Gourm    .     (helmet restricted)
rElec  +         Spirit   .     (no cloak)
rCorr  +         Warding  .     (no gloves)
rMut   .         Stasis   .     t - +1 pair of boots
MR     ++...                    j - amulet of rage
Stlth  ++........               h - ring of poison resistance
                                m - ring of protection from magic

@: very resistant to hostile enchantments, unstealthy
A: beak, hooves 1, horns 1, thin metallic scales 1, cold resistance 1,
electricity resistance, strong 1
a: Request Jelly, Jelly Paralyse, Slimify, Renounce Religion, Evoke Blink, Evoke
Berserk Rage


You were on level 10 of the Dungeon.
You worshipped Jiyva.
Jiyva was greatly pleased with you.
You were not hungry.

You visited 2 branches of the dungeon, and saw 11 of its levels.
You also visited: Ossuary.

You collected 479 gold pieces.

Inventory:

Hand weapons
 l - the +6 falchion of Feidiuss (weapon) {freeze, +Blink rC+ Int+3}
   (You took it off an orc on level 8 of the Dungeon)

   It has been specially enchanted to freeze those struck by it, causing extra
   injury to most foes and up to half again as much damage against particularly
   susceptible opponents.
   It can also slow down cold-blooded creatures.
   It affects your intelligence (+3).
   It protects you from cold.
   It lets you blink.
 z - a +2 hand axe of electrocution
 D - a +4 whip
Armour
 a - a +0 robe (worn)
 t - a +1 pair of boots (worn)
 G - a +1 leather armour of positive energy
 K - a mottled dragon hide
Jewellery
 d - a cursed ring of protection from fire
 h - a ring of poison resistance (right hand)
 j - an amulet of rage (around neck)
 m - a ring of protection from magic (left hand)
 p - an uncursed ring of ice
 M - an uncursed ring of fire
Magical devices
 e - a wand of paralysis (18)
 H - a wand of random effects (27)
 Q - a wand of confusion (8)
 R - a wand of fireball (8)
Scrolls
 f - 6 scrolls of identify {unknown}
 g - a scroll of enchant weapon {unknown}
 n - 7 scrolls of remove curse
 o - a scroll of amnesia {unknown}
 r - a scroll of noise {unknown}
 s - a scroll of fear {unknown}
 u - 3 scrolls of teleportation
 v - a scroll of random uselessness {unknown}
 x - a scroll of holy word {unknown}
 A - 2 scrolls of blinking {unknown}
 B - a scroll of immolation {unknown}
 E - a scroll of magic mapping {unknown}
 F - a scroll of fog {unknown}
Potions
 i - a potion of curing
 q - a potion of cancellation
 w - 3 potions of haste
 C - a potion of might
 J - a potion of brilliance
 P - a potion of berserk rage {unknown}
Books
 b - a book of Conjurations

   Spells                             Type                      Level
   a - Magic Dart                     Conjuration                  1
   b - Searing Ray                    Conjuration                  2
   c - Dazzling Spray                 Conjuration/Hexes            3
   d - Fulminant Prism                Conjuration/Hexes            4
   e - Iskenderun's Mystic Blast      Conjuration                  4
   f - Iskenderun's Battlesphere      Conjuration/Charms           5
 y - a book of Death

   Spells                             Type                      Level
   a - Corpse Rot                     Necromancy                   2
   b - Sublimation of Blood           Necromancy                   2
   c - Agony                          Necromancy                   5
   d - Dispel Undead                  Necromancy                   5
   e - Excruciating Wounds            Charms/Necromancy            5
   f - Bolt of Draining               Conjuration/Necromancy       5
Comestibles
 c - 12 bread rations
 k - 4 meat rations
 I - 5 beef jerkies
 L - 5 mutagenic chunks of flesh
 N - 4 fruits
 O - 2 royal jellies


   Skills:
 + Level 1.8 Fighting
 + Level 3.7 Dodging
 - Level 2.5 Stealth
 * Level 12.0 Spellcasting
 * Level 11.1 Conjurations
 - Level 8.0 Charms
 * Level 7.0 Necromancy


You had 16 spell levels left.
You knew the following spells:

 Your Spells              Type           Power        Failure   Level  Hunger
a - Magic Dart            Conj           ####         1%          1    None
b - Iskenderun's Battles  Conj/Chrm      ######..     1%          5    ##.....
c - Iskenderun's Mystic   Conj           ######..     1%          4    None
d - Sublimation of Blood  Necr           ######....   1%          2    None
e - Bolt of Draining      Conj/Necr      ######....   1%          5    ##.....


Dungeon Overview and Level Annotations

Branches:
Dungeon (10/15)            Temple (1/1) D:4             Orc (0/4) D:9
   Lair: D:8-11

Altars:
Ashenzari
Cheibriados
Dithmenos
Elyvilon
Fedhas
Gozag
Kikubaaqudgha
Makhleb
Nemelex Xobeh
Okawaru
Qazlal
Ru
Sif Muna
Trog
Vehumet
Xom
Yredelemnul
Zin
The Shining One
Jiyva

Shops:
D:8 (


Innate Abilities, Weirdness & Mutations

You have a beak for a mouth.
You have large cloven feet.
You have a pair of small horns on your head.
You are partially covered in thin metallic scales (AC +2).
Your flesh is cold resistant.
You are resistant to electric shocks.
Your muscles are strong. (Str +2)


Message History

Aim: a warg (severely wounded)
The orb of energy hits the warg.
You kill the warg!
Your Spellcasting skill increases to level 12!
Your Necromancy skill increases to level 7!
An orc comes into view. It is wielding a hand axe.
The warg closely misses you. The warg barely misses you.
The orc priest invokes the aid of Beogh against you.
Something smites you!
* * * LOW HITPOINT WARNING * * *
The warg misses you. The warg bites you.
* * * LOW HITPOINT WARNING * * *
The warg bites you!
* * * LOW HITPOINT WARNING * * *
There is a stone staircase leading up here.
The warg barely misses you. The orc hits you but does no damage.
The warg bites you!
You die...

..........## ##.......
......###.# ########
##...##..##
#...#..o.##
#...#.....##
###..........##
..............##
........oh#.....##
........@.##.....#
#####....####...##.
#....# ##"##..# #....#
###...#
#....#######...#
##..............###
.....................
......................
.
................####.
..


You could see a warg and 2 orcs.

Vanquished Creatures
  An ice statue (D:10)
  A troll (D:9)
  2 steam dragons
  A mottled dragon (D:8)
  A merfolk (D:9)
  2 two-headed ogres
  The ghost of Sixotanaka the Chopper, an average DDFi (D:4)
  Eustachio (D:5)
  A wyvern (D:8)
  A hippogriff (D:8)
  2 wargs (D:10)
  A water moccasin (D:7)
  An orc warrior (D:9)
  4 sky beasts
  2 black bears
  An ice beast (D:7)
  4 phantoms
  2 ogres
  A centaur (D:6)
  6 killer bees
  3 scorpions
  A quasit (D:5)
  2 goliath beetles (D:8)
  3 crimson imps
  14 orc wizards
  2 giant frog zombies
  5 hounds
  A centaur skeleton (D:6)
  An iguana (D:8)
  A jelly (D:5)
  8 orc priests
  9 worker ants
  2 big kobold zombies (Ossuary)
  7 mummies
  A worker ant zombie (D:7)
  7 adders
  2 white imps (D:5)
  An ooze (D:2)
  2 worms (D:4)
  3 giant geckos
  43 orcs
  A bat skeleton (D:7)
  A bat zombie (D:7)
  12 giant cockroaches
  10 goblins
  14 hobgoblins
  15 jackals
  4 quokkas
  10 bats
  A giant gecko zombie (D:5)
  6 giant newts
  3 hobgoblin zombies (Ossuary)
  18 kobolds
  A kobold zombie (D:4)
  An orc zombie (D:4)
  11 rats
  2 butterflies (D:8)
264 creatures vanquished.

Vanquished Creatures (others)
  A hungry ghost (D:8)
  A black bear (D:9)
  An ogre (D:9)
  A phantom (D:8)
  A centaur (D:9)
  2 killer bees
  18 jellies
  2 orc priests (D:9)
  A hound skeleton (D:9)
  A gnoll (D:8)
  A shadow imp (D:10)
  3 giant geckos
  12 orcs (D:9)
  A bat (D:8)
  3 hobgoblins (D:9)
  A kobold (D:8)
  A giant newt (D:7)
51 creatures vanquished.

Grand Total: 315 creatures vanquished

Notes
Turn   | Place    | Note
--------------------------------------------------------------
     0 | D:1      | FedoraBrony69, the Deep Elf Conjurer, began the quest for the Orb.
     0 | D:1      | Reached XP level 1. HP: 10/10 MP: 6/6
   172 | D:1      | Reached XP level 2. HP: 15/15 MP: 4/8
   207 | D:1      | Reached skill level 5 in Conjurations
   878 | D:2      | Reached XP level 3. HP: 13/19 MP: 7/9
  1131 | D:2      | Found a burning altar of Makhleb.
  1323 | D:3      | Found a shadowy altar of Dithmenos.
  1380 | D:3      | Found a sacrificial altar of Ru.
  1418 | D:3      | Reached XP level 4. HP: 24/24 MP: 7/12
  2183 | D:4      | Found a sand-covered staircase.
  2189 | D:4      | Reached skill level 6 in Conjurations
  2232 | Ossuary  | Entered an ossuary
  2240 | Ossuary  | Reached XP level 5. HP: 18/28 MP: 5/14
  2285 | Ossuary  | Reached skill level 5 in Spellcasting
  2492 | Ossuary  | Learned a level 5 spell: Iskenderun's Battlesphere
  2497 | Ossuary  | Learned a level 4 spell: Iskenderun's Mystic Blast
  2887 | Ossuary  | Reached skill level 1 in Charms
  3029 | D:4      | Found a staircase to the Ecumenical Temple.
  3040 | Temple   | Entered the Ecumenical Temple
  3218 | D:4      | Noticed Sixotanaka's ghost (average DDFi)
  3328 | D:4      | Killed Sixotanaka's ghost
  3328 | D:4      | Reached XP level 6. HP: 14/32 MP: 0/17
  3775 | D:5      | Entered Level 5 of the Dungeon
  3830 | D:5      | Noticed Eustachio
  3835 | D:5      | Killed Eustachio
  3835 | D:5      | Reached skill level 7 in Conjurations
  3835 | D:5      | Reached XP level 7. HP: 36/36 MP: 0/18
  4000 | D:5      | Found a glowing golden altar of the Shining One.
  4015 | D:5      | Reached skill level 5 in Charms
  4329 | D:5      | Gained mutation: Your flesh is cold resistant. [mutagenic meat]
  4876 | D:5      | Found a sparkling altar of Nemelex Xobeh.
  4906 | D:5      | Learned a level 2 spell: Sublimation of Blood
  4912 | D:5      | Learned a level 5 spell: Bolt of Draining
  5078 | D:5      | Reached XP level 8. HP: 19/41 MP: 12/21
  5331 | D:6      | Reached skill level 8 in Conjurations
  6245 | D:6      | Reached skill level 9 in Spellcasting
  6827 | D:7      | Reached XP level 9. HP: 45/45 MP: 7/24
  6917 | D:7      | Gained mutation: You are weak. (Str -2) [mutagenic meat]
  6918 | D:7      | Gained mutation: You are dopey. (Int -2) [mutagenic meat]
  6919 | D:7      | Gained mutation: Scrolls take you a little longer to read. [mutagenic meat]
  6920 | D:7      | Gained mutation: Your natural rate of healing is unusually fast. [mutagenic meat]
  6928 | D:7      | Lost mutation: You are weak. (Str -2) [potion of mutation]
  6928 | D:7      | Gained mutation: You are partially covered in thin metallic scales (AC +2). [potion of mutation]
  6980 | D:7      | Reached skill level 1 in Necromancy
  7077 | Temple   | Became a worshipper of Jiyva Jierhaav the Shapeless
  7234 | D:7      | Reached skill level 10 in Spellcasting
  7944 | D:8      | Reached skill level 10 in Conjurations
  8004 | D:8      | Acquired Jiyva's first power
  8171 | D:8      | Found a runed door.
  8198 | D:8      | Reached skill level 11 in Spellcasting
  8253 | D:8      | Reached skill level 5 in Necromancy
  8259 | D:8      | Gained mutation: You are resistant to electric shocks. [mutagenic meat]
  8260 | D:8      | Gained mutation: You have a beak for a mouth. [mutagenic meat]
  8261 | D:8      | Lost mutation: You are dopey. (Int -2) [mutagenic meat]
  8262 | D:8      | Gained mutation: You have large cloven feet. [mutagenic meat]
  8356 | D:8      | Found a white marble altar of Elyvilon.
  8405 | D:8      | Got an iridescent falchion
  8413 | D:8      | Identified the +6 falchion of Feidiuss {freeze, +Blink rC+ Int+3} (You took it off an orc on level 8 of the Dungeon)
  8576 | D:8      | Found Cijep's Antique Weapon Shoppe.
  9168 | D:8      | Found a runed door.
  9293 | D:8      | Reached XP level 10. HP: 28/50 MP: 1/27
  9375 | D:9      | Acquired Jiyva's second power
  9466 | D:8      | Was placed under penance by Jiyva
  9608 | D:9      | Was forgiven by Jiyva
  9675 | D:9      | Lost mutation: Your natural rate of healing is unusually fast. [Jiyva's grace]
  9707 | D:9      | Found a bloodstained altar of Trog.
  9800 | D:9      | Reached skill level 1 in Fighting
  9803 | D:9      | Found a staircase to the Orcish Mines.
  9842 | D:9      | Acquired Jiyva's third power
  9845 | D:9      | Gained mutation: You are frail (-10% HP). [Jiyva's grace]
  9869 | D:9      | Gained mutation: Your muscles are strong. (Str +2) [Jiyva's grace]
  9871 | D:9      | Acquired Jiyva's fourth power
  9879 | D:9      | Lost mutation: You are frail (-10% HP). [Jiyva's power]
  9919 | D:9      | Gained mutation: You have a pair of small horns on your head. [Jiyva's grace]
  9927 | D:9      | Found an iron altar of Okawaru.
  9987 | D:9      | Found a snail-covered altar of Cheibriados.
 10454 | D:9      | Found a radiant altar of Vehumet.
 10456 | D:9      | Found a deep blue altar of Sif Muna.
 10456 | D:9      | Found an ancient bone altar of Kikubaaqudgha.
 10461 | D:9      | Identified Vehumet's Papyrus of Confrontation
 10468 | D:9      | Identified Kikubaaqudgha's Reference Book on Unholy Arts
 10477 | D:9      | Identified Sif Muna's Disquisition on Companions
 10713 | D:9      | Lost mutation: Scrolls take you a little longer to read. [Jiyva's power]
 10719 | D:10     | Entered Level 10 of the Dungeon
 10736 | D:10     | Noticed an ice statue
 10794 | D:10     | Killed an ice statue
 10860 | D:10     | Noticed a hill giant
 10876 | D:10     | Reached skill level 12 in Spellcasting
 10912 | D:10     | Slain by a warg

Action                   |  1- 3 |  4- 6 |  7- 9 | 10-12 || total
-------------------------+-------+-------+-------+-------++-------
Melee: Dagger            |     1 |     4 |    18 |       ||    23
       Whip              |       |       |    26 |       ||    26
       Falchion          |       |       |    10 |    35 ||    45
       Hand axe          |       |       |     5 |       ||     5
 Cast: Magic Dart        |    87 |   143 |   226 |    18 ||   474
       Iskenderun's Myst |       |    10 |    80 |    39 ||   129
       Iskenderun's Batt |       |       |    14 |     4 ||    18
Invok: Cure Bad Mutation |       |       |       |     2 ||     2
       Request Jelly     |       |       |       |     1 ||     1
  Use: Scroll            |       |       |     2 |       ||     2
       Potion            |       |       |    10 |     3 ||    13
 Stab: Fleeing           |       |       |     1 |       ||     1
  Eat: Chunk             |     1 |     3 |    28 |     2 ||    34
       Beef jerky        |       |     1 |     2 |       ||     3
       Fruit             |       |     1 |       |       ||     1
       Meat ration       |       |     1 |       |       ||     1
